 Dungeon Crawl Stone Soup version 0.27.0-1-g7a089689b8 (webtiles) character file.

Game seed: 10647652787768461357

39 nicksoapdish the Scratcher (level 3, -1/15 HPs)
             Began as a Felid Transmuter on Aug 3, 2021.
             Slain by a gnoll (6 damage)
             ... on level 2 of the Dungeon.
             The game lasted 00:02:59 (1291 turns).

nicksoapdish the Scratcher (Felid Transmuter)       Turns: 1291, Time: 00:02:59

Health: -1/15      AC:  1    Str:  6    XL:     3   Next: 26%
Magic:  3/7        EV: 17    Int: 15    God:
Gold:   33         SH:  0    Dex: 16    Spells: 3/6 levels left
                                        Lives:  0   Deaths: 0

rFire    + . .     SeeInvis +     - Unarmed
rCold    + . .     Faith    .   (shield unavailable)
rNeg     . . .     Spirit   .   (armour unavailable)
rPois    .         Reflect  .   (helmet unavailable)
rElec    .         Harm     .   (cloak unavailable)
rCorr    .         Rampage  .   (gloves unavailable)
Will     .....                  (boots unavailable)
Stlth    ++........             (no amulet)
HPRegen  0.05/turn              b - ring of protection from cold
MPRegen  0.10/turn              c - ring of protection from fire

@: appendages, wereblooded (expiring), quick
A: horns 2, very small, claws 1, fangs 3, see invisible, speed 1, shaggy fur 1,
stealthy paws, no weapons or thrown items, no armour, multi-lived
a: End Transformation


You were on level 2 of the Dungeon.
You had temporarily grown beastly horns.
You visited 1 branch of the dungeon, and saw 2 of its levels.

You collected 33 gold pieces.

Inventory:

Jewellery
 b - a ring of protection from cold (left paw)
 c - a ring of protection from fire (right paw)
Potions
 a - a potion of brilliance {unknown}


   Skills:
 * Level 1.5 Fighting
 - Level 2.6 Dodging
 * Level 1.3 Stealth
 + Level 3.4 Unarmed Combat
 + Level 2.2 Spellcasting
 * Level 2.8 Transmutations


You had 3 spell levels left.
You knew the following spells:

 Your Spells              Type           Power      Damage    Failure   Level
a - Beastly Appendage     Tmut           20%        N/A       7%          1
b - Wereblood             Tmut           10%        N/A       10%         2

Your spell library contained the following spells:

 Spells                   Type           Power      Damage    Failure   Level
 Spider Form              Tmut/Pois      2%         N/A       36%         3
 Ice Form                 Ice/Tmut       5%         N/A       77%         4


Dungeon Overview and Level Annotations

Branches:
Dungeon (2/15)

Altars:


Innate Abilities, Weirdness & Mutations

You have temporarily grown beastly horns.
You have sharp claws.
You have razor-sharp teeth.
You have supernaturally acute eyesight. (SInv)
You cover ground quickly. (Speed+)
You are covered in fur. (AC +1)
Your paws help you pounce on unaware monsters.
You are incapable of wielding weapons or throwing items.
You cannot wear armour.
You gain extra lives every three experience levels.


Message History

The jackal pauses to sniff the ground.
The gnoll misses you.
You barely miss the gnoll.
The gnoll is heavily wounded.
The gnoll barely misses you.
You barely miss the gnoll.
The gnoll is moderately wounded.
The gnoll hits you with a +0 whip!
Ouch! That really hurt!
You closely miss the gnoll. You headbutt the gnoll.
The gnoll is almost dead.
The gnoll misses you.
You scratch the gnoll.
You feel a bit better.
You kill the gnoll!
The jackal closely misses you.
You have reached level 3!
Your experience leads to an increase in your attributes!
Increase (S)trength, (I)ntelligence, or (D)exterity?
You feel clever.
You scratch the jackal but do no damage.
You bite the jackal.
The jackal is almost dead.
Your horns disappear.
The jackal closely misses you.
You scratch the jackal.
You feel a bit better.
You kill the jackal!
Casting: Beastly Appendage (safe; 7% risk of failure)
Confirm with . or Enter, or press ? or * to list all spells.
You grow a pair of large bovine horns.
You howl as the wereblood boils in your veins!
The gnoll misses you.
You scratch the gnoll.
You headbutt the gnoll, but do no damage.
The gnoll is lightly wounded.
The gnoll hits you with a +0 club.
You closely miss the gnoll.
The gnoll is lightly wounded.
Your primal bloodlust is almost over.
The gnoll hits you with a +0 club.
You die...

#######.##.#####.##
.... ##............
.... #.....#####.##
.... #...........#
###..##
#.....#######
....... #.....#
....... #.....#
#.....g#####.....#
#...gg@.......>#
......S###########
....... .......
>...... .......
###<### ##


You could see 3 gnolls and a ball python.

Vanquished Creatures
  A gnoll (D:2)
  A dart slug (D:1)
  2 endoplasms (D:1)
  2 giant cockroaches (D:1)
  A goblin (D:1)
  4 hobgoblins
  4 jackals
  A quokka (D:1)
  2 ball pythons (D:1)
  5 bats (D:1)
  A frilled lizard (D:1)
  A kobold (D:1)
25 creatures vanquished.

Notes
Turn   | Place    | Note
-------+----------+-------------------------------------------
     0 | D:1      | nicksoapdish the Felid Transmuter began the quest for the
                  | Orb.
     0 | D:1      | Reached XP level 1. HP: 9/9 MP: 4/4
   305 | D:1      | Reached XP level 2. HP: 5/12 MP: 4/6
   355 | D:1      | Learned a level 2 spell: Wereblood
   528 | D:1      | Reached skill level 1 in Stealth
  1287 | D:2      | Reached XP level 3. HP: 8/15 MP: 3/7
  1291 | D:2      | Slain by a gnoll

Illustrated notes

Levels and vault maps discovered:
D:1:      saegor_arrival_simple_e, layout_loops_ring
D:2:      layout_basic, hellmonk_ecumenical_altar_zigzags, minmay_tall_x

Skill      XL: |  1  2 |
---------------+-------+-----
Stealth        | 1 |  1.3
Fighting       | |  1.5
Dodging        | |  2.6
Unarmed Combat | |  3.4
Spellcasting   | |  2.2
Transmutations | |  2.8

Action                   || total
-------------------------++-------
Melee: Unarmed           ||    75
       Headbutt          ||     7
       Bite              ||     5
       Punch             ||     1
 Cast: Beastly Appendage ||    23
       Wereblood         ||     4
  Use: Scroll            ||     1
 Stab: Sleeping          ||     1
Armor: Skin              ||     8
Dodge: Dodged            ||    59
